 Dungeon Crawl Stone Soup version 0.24.0-37-gcf1ca852f1 (webtiles) character file.

Game seed: 12749847254607375891, levelgen mode: deterministic

1122 Mrkan the Grappler (level 8, 0/80 HPs)
             Began as a Troll Monk on Nov 29, 2019.
             Slain by an orc warrior
             ... wielding a +0 halberd
              (21 damage)
             ... on level 6 of the Dungeon.
             The game lasted 00:05:50 (4492 turns).

Mrkan the Grappler (Troll Monk)                     Turns: 4492, Time: 00:05:51

Health: 0/80       AC:  7    Str: 20    XL:     8   Next: 12%
Magic:  7/7        EV: 10    Int:  8    God:
Gold:   306        SH:  0    Dex: 12    Spells: 7/7 levels left

rFire    . . .     SeeInvis .     - Unarmed
rCold    . . .     Gourm    +   (no shield)
rNeg     . . .     Faith    .   a - +0 robe
rPois    .         Spirit   .   (helmet restricted)
rElec    .         Reflect  .   l - +0 cloak
rCorr    .         Harm     .   (gloves unavailable)
MR       .....                  (boots unavailable)
Stlth    ++........             (no amulet)
HPRegen  0.63/turn              (no ring)
MPRegen  0.10/turn              (no ring)

@: no status effects
A: large, unfitting armour, claws 3, fast metabolism 3, gourmand, regeneration
1, shaggy fur 1, tough skin 3
a: no special abilities


You were on level 6 of the Dungeon.
You were not hungry.

You visited 1 branch of the dungeon, and saw 6 of its levels.

You collected 306 gold pieces.

Inventory:

Armour
 a - a +0 robe (worn)
 l - a +0 cloak (worn)
Jewellery
 c - a cursed -2 ring of strength {unknown}
 t - a cursed ring of attention {unknown}
 u - a cursed ring of teleportation {unknown}
Scrolls
 d - 5 scrolls of identify {unknown}
 f - 3 scrolls of immolation {unknown}
 h - 3 scrolls of teleportation {unknown}
 i - 7 scrolls of remove curse {unknown}
 o - 2 scrolls of amnesia {unknown}
 p - 2 scrolls of fear {unknown}
 s - a scroll of noise {unknown}
Potions
 e - 5 potions of heal wounds {unknown}
 g - 3 potions of curing {unknown}
 j - a potion of mutation {unknown}
 k - 3 potions of degeneration {unknown}
 m - a potion of agility {unknown}
 n - a potion of haste {unknown}
 q - a potion of flight {unknown}
 r - 4 potions of brilliance {unknown}
 v - a potion of resistance {unknown}
Comestibles
 b - 14 rations


   Skills:
 + Level 5.2 Fighting
 - Level 2.4 Dodging
 - Level 1.0 Stealth
 * Level 8.4 Unarmed Combat


You had 7 spell levels left.
You didn't know any spells.
Your spell library contained the following spells:

 Spells                   Type           Power        Failure   Level  Hunger
 Beastly Appendage        Tmut           #.....       41%         1    ##.....
 Corona                   Hex            #......      41%         1    ##.....
 Ensorcelled Hibernation  Hex/Ice        #.....       54%         2    ###....
 Sticks to Snakes         Tmut           #.......     54%         2    ###....
 Confuse                  Hex            #.......     78%         3    ####...
 Dazzling Spray           Conj/Hex       #.....       78%         3    ####...
 Spider Form              Tmut/Pois      #.........   78%         3    ####...
 Tukima's Dance           Hex            #.......     78%         3    ####...
 Ice Form                 Ice/Tmut       #.......     99%         4    #####..
 Blade Hands              Tmut           #.........   100%        5    ######.


Dungeon Overview and Level Annotations

Branches:
Dungeon (6/15)
 Temple: D:4-7

Altars:
Gozag
Sif Muna

Shops:
D:6 *


Innate Abilities, Weirdness & Mutations

You are too large for most types of armour.
You have claws for hands.
Your metabolism is lightning-fast.
You like to eat raw meat.
Your natural rate of healing is unusually fast.
You are covered in fur. (AC +1)
You have extremely tough skin. (AC +3)


Message History

You scratch the gnoll sergeant but do no damage.
The gnoll hits you but does no damage.
The gnoll sergeant hits you but does no damage.
You scratch the gnoll sergeant but do no damage.
The orc warrior barely misses you.
The gnoll hits you from afar with a +0 spear.
The gnoll sergeant hits you with a cursed -1 spear!
An orc comes into view. It is wielding a +0 dagger.
The gnoll sergeant closely misses you. The gnoll hits you but does no damage.
The orc priest miscasts a cantrip.
The gnoll closely misses you.
The orc priest invokes the aid of Beogh against you.
Beogh smites you!
The orc priest mumbles some strange prayers to Beogh against you.
Beogh smites you!
* * * LOW HITPOINT WARNING * * *
There is a stone staircase leading up here.
The gnoll hits you but does no damage.
The orc warrior hits you from afar with a +0 halberd!!
You die...

##...........#.....#.#
#............#.....#.#
#......##....###..##.# ###
#......##....###..##.# ##..
##.##.<##.........#..# ##...
#.##..##.........'..#####...#
...#.............#.........##
......#.............#.........##
Z.... #.......g@....#..#####...#
##..# #.###..o#####..#.# ##...
+##..#######.g.########## ##..
....................# ###
....................#
....[..........##..####
..(......g.....##.....#
.........##....##....## ##
#######..##....##....# #.


You could see an orc warrior, a gnoll sergeant and 2 gnolls.

Vanquished Creatures
  Sigmund (D:3)
  Menkaure (D:5)
  A sky beast (D:5)
  An ice beast (D:5)
  An ogre (D:5)
  A bullfrog (D:4)
  Blork the orc (D:5)
  A howler monkey (D:5)
  2 hounds
  Crazy Yiuf (D:5)
  An orc wizard (D:5)
  Jessica (D:2)
  Natasha (thrice) (D:2)
  A worker ant (D:4)
  A hound skeleton (D:4)
  Robin (D:3)
  2 gnolls (D:6)
  5 adders
  An ooze (D:1)
  2 worms
  3 leopard geckos
  8 orcs
  5 bats
  3 giant cockroaches
  7 goblins
  5 hobgoblins
  6 jackals
  3 kobolds (D:2)
  4 quokkas
  A ball python (D:3)
  3 frilled lizards
  A giant cockroach zombie (D:5)
  A leopard gecko skeleton (D:6)
  5 rats
84 creatures vanquished.

Vanquished Creatures (others)
  5 toadstools (D:1)
5 creatures vanquished.

Grand Total: 89 creatures vanquished

Notes
Turn   | Place    | Note
-------+----------+-------------------------------------------
     0 | D:1      | Mrkan the Troll Monk began the quest for the Orb.
     0 | D:1      | Reached XP level 1. HP: 22/22 MP: 0/0
   198 | D:1      | Reached XP level 2. HP: 29/29 MP: 1/1
   509 | D:2      | Noticed Jessica
   514 | D:2      | Killed Jessica
   514 | D:2      | Reached skill level 4 in Unarmed Combat
   514 | D:2      | Reached XP level 3. HP: 20/36 MP: 2/2
   843 | D:2      | Noticed Natasha
   847 | D:2      | Killed Natasha
   847 | D:2      | Reached XP level 4. HP: 43/45 MP: 3/3
  1253 | D:2      | Noticed Natasha
  1260 | D:2      | Killed Natasha
  1296 | D:2      | Noticed Natasha
  1304 | D:2      | Killed Natasha
  1304 | D:2      | Reached skill level 5 in Unarmed Combat
  1304 | D:2      | Reached XP level 5. HP: 53/53 MP: 4/4
  1658 | D:3      | Noticed Sigmund
  1672 | D:3      | Killed Sigmund
  1672 | D:3      | Reached skill level 6 in Unarmed Combat
  1672 | D:3      | Reached XP level 6. HP: 22/62 MP: 5/5
  1990 | D:3      | Noticed Robin
  2004 | D:3      | Killed Robin
  2553 | D:4      | Found an opulent altar of Gozag.
  3114 | D:5      | Entered Level 5 of the Dungeon
  3223 | D:5      | Noticed Blork the orc
  3234 | D:5      | Killed Blork the orc
  3234 | D:5      | Reached XP level 7. HP: 62/71 MP: 6/6
  3274 | D:5      | Found a runed translucent door.
  3275 | D:5      | Noticed Crazy Yiuf
  3298 | D:5      | Reached skill level 7 in Unarmed Combat
  3551 | D:5      | Noticed Menkaure
  3556 | D:5      | Killed Menkaure
  3556 | D:5      | Reached skill level 5 in Fighting
  3556 | D:5      | Reached skill level 8 in Unarmed Combat
  3866 | D:5      | Reached XP level 8. HP: 80/80 MP: 7/7
  3985 | D:5      | Killed Crazy Yiuf
  4130 | D:6      | Found a shimmering blue altar of Sif Muna.
  4150 | D:6      | Found Ginyilir's Lightly-Used Armoury.
  4492 | D:6      | Slain by an orc warrior

Levels and vault maps discovered:
D:1:      ldierk_walled_garden, layout_rooms, minmay_liquid_box,
          minmay_misc_feat_nine_boxes, minivault_14
D:2:      layout_loops_ring, uniq_jessica, uniq_natasha
D:3:      layout_basic, minmay_misc_feat_roman, chequers_serial_rivers_micro_a,
          uniq_sigmund, uniq_robin
D:4:      layout_layer_cave, nicolae_gozag_seed_capital
D:5:      layout_basic, first_ration, uniq_crazy_yiuf_cottage, uniq_menkaure,
          uniq_blork_the_orc
D:6:      layout_gridville, basic_altar, ebering_dispersal_statue_hall,
          minmay_shop_damaged, nicolae_sextant, uniq_eustachio

Skill      XL: |  1  2  3  4  5  6  7 |
---------------+----------------------+-----
Unarmed Combat | 4 5 6 8 |  8.4
Fighting       | 3 4 5 |  5.2
Dodging        | |  2.4
Stealth        | |  1.0

Action                   |  1- 3 |  4- 6 |  7- 9 || total
-------------------------+-------+-------+-------++-------
Melee: Unarmed           |    38 |   130 |    77 ||   245
       Punch             |       |     1 |     1 ||     2
 Stab: Sleeping          |     2 |     3 |     1 ||     6
  Eat: Chunk             |    10 |    17 |    14 ||    41
Armor: Robe              |     9 |    46 |    24 ||    79
Dodge: Dodged            |    24 |    68 |    36 ||   128
